 Dungeon Crawl Stone Soup version 0.26.1-11-gd32895ea62 (webtiles) character file.

Game seed: 6712043979920529762

85 Zeld the Insei (level 4, -2/29 HPs)
             Began as an Octopode Transmuter on May 27, 2021.
             Slain by an orc wizard
             ... wielding a +0 dagger
              (7 damage)
             ... on level 4 of the Dungeon.
             The game lasted 00:01:52 (1461 turns).

Zeld the Insei (Octopode Transmuter)                Turns: 1461, Time: 00:01:53

Health: -2/29      AC:  1    Str: 10    XL:     4   Next: 48%
Magic:  6/8        EV: 13    Int: 15    God:
Gold:   47         SH:  0    Dex: 12    Spells: 3/9 levels left

rFire    . . .     SeeInvis .     - Unarmed
rCold    . . .     Faith    .   (no shield)
rNeg     . . .     Spirit   .   (helmet restricted)
rPois    .         Reflect  .   (no amulet)
rElec    .         Harm     .   (no ring)
rCorr    .         Rampage  .   (no ring)
Will     .....                  (no ring)
Stlth    ++........             (no ring)
HPRegen  0.09/turn              (no ring)
MPRegen  0.11/turn              (no ring)
                                (no ring)
                                (no ring)

@: no status effects
A: almost no armour, stealthy swim, amphibious, 8 rings, constrict 8, camouflage
1, gelatinous body 1
a: no special abilities


You were on level 4 of the Dungeon.
You visited 1 branch of the dungeon, and saw 5 of its levels.

You collected 47 gold pieces.

Inventory:

Scrolls
 a - 2 scrolls of remove curse {unknown}
 d - a scroll of immolation {unknown}
 e - a scroll of identify {unknown}
 f - a scroll of amnesia {unknown}
 g - 2 scrolls of blinking {unknown}
 h - a scroll of fog {unknown}
Potions
 b - a potion of cancellation {unknown}
 c - 2 potions of brilliance {unknown}
 i - a potion of heal wounds {unknown}


   Skills:
 + Level 1.8 Fighting
 + Level 2.5 Dodging
 - Level 3.0 Unarmed Combat
 * Level 3.0 Spellcasting
 * Level 3.0 Transmutations


You had 3 spell levels left.
You knew the following spells:

 Your Spells              Type           Power        Failure   Level
a - Beastly Appendage     Tmut           22%          6%          1
b - Wereblood             Tmut           11%          9%          2
c - Spider Form           Tmut/Pois      3%           32%         3

Your spell library contained the following spells:

 Spells                   Type           Power        Failure   Level
 Ice Form                 Ice/Tmut       6%           71%         4
 Blade Hands              Tmut           5%           85%         5


Dungeon Overview and Level Annotations

Branches:
Dungeon (5/15)
 Temple: D:4-7

Altars:

Annotations:
D:3 3 runed translucent doors, Zeld's ghost, amateur OpTm


Innate Abilities, Weirdness & Mutations

You cannot wear most types of armour.
You are very stealthy in the water. (Stealth+)
You are amphibious.
You can wear up to eight rings at the same time.
You can use your tentacles to constrict eight enemies at once.
Your skin changes colour to match your surroundings (Stealth+).
Your rubbery body absorbs attacks. (AC +1, EV +1)


Message History

You tentacle-slap the orc wizard but do no damage.
You grab the orc wizard.
The orc wizard is moderately wounded.
You constrict the orc wizard, but do no damage.
The orc wizard closely misses you.
You completely miss the orc wizard.
The orc wizard is moderately wounded.
You constrict the orc wizard, but do no damage.
The orc wizard hits you with a +0 dagger.
* * * LOW HITPOINT WARNING * * *
Unknown command.
You tentacle-slap the orc wizard.
The orc wizard is heavily wounded.
You constrict the orc wizard, but do no damage.
The orc wizard misses you.
You tentacle-slap the orc wizard but do no damage.
The orc wizard is heavily wounded.
You constrict the orc wizard.
The orc wizard hits you with a +0 dagger!
You die...

.........#
..........#
#.........# #
#.........## ..
...........##...
.........#......
........<.......
........o.###...
#......@).#
#.........#
#.........#
##.......##
##.....##
#..#### #.. #..


You could see an orc wizard (very poisoned).

Vanquished Creatures
  An orc priest (D:4)
  An adder (D:3)
  An adder skeleton (D:4)
  A worm (D:2)
  2 dart slugs
  2 orcs
  A giant cockroach (D:2)
  3 goblins
  6 hobgoblins
  2 jackals (D:1)
  4 kobolds
  A ball python (D:3)
  A bat (D:3)
  2 frilled lizards
  6 rats
34 creatures vanquished.

Vanquished Creatures (others)
  32 plants (D:3)
32 creatures vanquished.

Grand Total: 66 creatures vanquished

Notes
Turn   | Place    | Note
-------+----------+-------------------------------------------
     0 | D:1      | Zeld the Octopode Transmuter began the quest for the Orb.
     0 | D:1      | Reached XP level 1. HP: 13/13 MP: 3/3
   230 | D:1      | Reached XP level 2. HP: 14/18 MP: 1/5
   320 | D:1      | Learned a level 2 spell: Wereblood
   698 | D:2      | Reached XP level 3. HP: 23/23 MP: 6/6
   702 | D:2      | Learned a level 3 spell: Spider Form
  1045 | D:3      | Found a runed translucent gate.
  1045 | D:3      | Found a runed translucent gate.
  1045 | D:3      | Found a runed translucent gate.
  1046 | D:3      | Noticed Zeld's ghost (amateur OpTm)
  1084 | D:5      | Entered Level 5 of the Dungeon
  1451 | D:4      | Reached XP level 4. HP: 22/29 MP: 5/8
  1461 | D:4      | Slain by an orc wizard

Illustrated notes

Levels and vault maps discovered:
D:1:      tarquinn_simple_flora_water_e, layout_basic
D:2:      layout_loops_ring, general_overflow_altar
D:3:      layout_loops_corners, gammafunk_ghost_necromancy,
          serial_bayou_lagoon_a, minmay_distorted, uniq_grinder
D:4:      gammafunk_cloud_chamber, layout_rooms, minmay_box_of_dots,
          uniq_blork_the_orc
D:5:      layout_basic, dancing_weapons_uskayaw, hangedman_abyss_or_decor_stabs,
          nicolae_ru_sacrificial_ziggurat

Skill      XL: |  1  2  3 |
---------------+----------+-----
Spellcasting   | 3 |  3.0
Transmutations | 3 |  3.0
Fighting       | |  1.8
Dodging        | |  2.5
Unarmed Combat | |  3.0

Action                   |  1- 3 |  4- 6 || total
-------------------------+-------+-------++-------
Melee: Unarmed           |    72 |    11 ||    83
       Kick              |    14 |       ||    14
       Constrict         |    17 |     1 ||    18
       Tentacles         |    10 |       ||    10
       Punch             |     1 |       ||     1
 Cast: Beastly Appendage |    19 |       ||    19
       Spider Form       |     1 |       ||     1
 Stab: Sleeping          |     3 |       ||     3
Armor: Skin              |     7 |       ||     7
Dodge: Dodged            |    47 |     6 ||    53
